Map: Terraform LE

Players

Iselia - Winner!

  • Race: Zerg Zerg
  • League: Master
  • Spawn Location: 11:00

Miszu

  • Race: Terran Terran
  • League: Master
  • Spawn Location: 5:00

VOD

Have the link to the VOD?

Description

Time

  • Played on: Feb. 6, 2016, 1:38 p.m.
  • Length: 26:54
Show
View Real Time Build Order
Export as new Build Order

Iselia Zerg - Winner!

Build Orders: Hatch First 

Get SALT Encoding   

  12  0:01  Drone  
  13  0:13  Overlord  
  13  0:17  Drone  
  14  0:33  Drone x2  
  16  0:36  Drone  
  17  0:54  Hatchery  
  16  0:58  Drone  
  17  1:12  Spawning Pool  
  17  1:14  Drone  
  17  1:19  Drone  
  17  1:23  Drone  
  17  1:25  Extractor  
  18  1:29  Drone  
  19  1:39  Overlord  
  19  1:55  Drone  
  19  2:00  Queen  
  22  2:04  Zergling x2  
  22  2:05  Queen  
  22  2:06  Zergling x2  
  26  2:13  Drone  
  27  2:19  Drone  
  28  2:23  Drone  
  29  2:30  Metabolic Boost  
  29  2:36  Drone x2  
  31  2:40  Queen  
  31  2:42  Queen  
  35  2:47  Overlord  
  35  2:57  Drone  
  36  3:06  Zergling x4  
  36  3:07  Zergling x4  
  40  3:18  Queen  
  42  3:20  Overlord  
  42  3:29  Drone x2  
  44  3:43  Zergling x10  
  50  3:48  Drone x2  
  50  3:49  Drone  
  51  4:03  Overlord  
  51  4:20  Overlord  
  51  4:21  Overlord  
  51  4:27  Drone  
  51  4:28  Drone x6  
  58  4:31  Extractor  
  58  4:34  Drone  
  58  4:35  Roach Warren, Drone x2  
  59  4:43  Hatchery  
  59  4:44  Drone x2  
  60  4:47  Lair  
  60  4:49  Extractor  
  60  4:50  Drone  
  60  4:53  Evolution Chamber  
  60  4:54  Evolution Chamber  
  60  4:57  Drone  
  59  5:00  Drone  
  59  5:05  Zergling x2  
  61  5:10  Overlord  
  61  5:11  Overlord  
  61  5:16  Drone x4  
  61  5:20  Extractor  
  63  5:30  Zerg Missile Weapons Level 1  
  63  5:32  Drone x3  
  66  5:38  Overlord  
  66  5:39  Overlord  
  66  5:45  Roach  
  66  5:46  Roach x2  
  72  5:53  Zerg Ground Armor Level 1  
  72  5:56  Queen  
  71  6:01  Roach  
  71  6:02  Roach x2  
  77  6:06  Drone  
  77  6:07  Drone x4  
  82  6:15  Drone  
  82  6:16  Drone x3  
  82  6:18  Infestation Pit  
  85  6:27  Roach  
  85  6:28  Roach x3  
  93  6:39  Drone x3  
  96  6:43  Roach  
  96  6:44  Roach x3  
  104  6:48  Overlord  
  104  6:52  Hatchery  
  103  6:57  Overlord  
  103  6:58  Roach  
  105  7:01  Overlord x2  
  105  7:05  Overlord  
  105  7:07  Roach x4  
  113  7:14  Overlord x2  
  113  7:22  Roach  
  115  7:23  Roach x4  
  115  7:26  Drone x3  
  115  7:27  Zerg Missile Weapons Level 2, Drone x3  
  129  7:38  Glial Reconstitution, Drone x2  
  129  7:39  Drone  
  131  7:46  Spore Crawler x2  
  128  7:53  Roach x8  
  128  7:54  Roach  
  144  8:06  Roach x6  
  152  8:18  Spore Crawler, Drone x5  
  152  8:19  Drone  
  154  8:26  Extractor, Ravager  
  153  8:27  Extractor  
  153  8:31  Drone x3  
  153  8:32  Drone x2  
  157  8:37  Drone, Spore Crawler  
  157  8:38  Drone x2  
  157  8:39  Overlord  
  159  8:50  Pathogen Glands  
  159  8:55  Spore Crawler x2  
  158  8:58  Drone x10  
  158  9:01  Overlord x3  
  167  9:09  Overlord  
  167  9:11  Pneumatized Carapace  
  167  9:17  Overlord x2  
  166  9:38  Spore Crawler  
  165  9:42  Spore Crawler  
  165  9:43  Infestor  
  165  9:44  Infestor x5  
  175  9:45  Zergling x2  
  175  9:46  Zergling x20  
  186  9:54  Extractor  
  186  9:55  Extractor  
  186  9:56  Spine Crawler  
  186  9:57  Spine Crawler  
  182  10:12  Hive, Zerg Ground Armor Level 2  
  178  10:15  Zerg Melee Weapons Level 1  
  178  10:19  Drone  
  178  10:20  Drone x8  
  178  10:21  Spore Crawler x2  
  186  10:25  Hatchery  
  183  11:10  Hatchery  
  181  11:17  Drone x6  
  180  11:27  Spore Crawler x2  
  180  11:28  Spine Crawler  
  180  11:29  Viper x4  
  189  11:34  Adrenal Glands  
  189  11:35  Ultralisk Cavern  
  188  11:48  Roach  
  188  11:49  Roach x5  
  200  12:15  Spine Crawler  
  199  12:16  Zerg Melee Weapons Level 2  
  199  12:35  Spine Crawler x2  
  199  12:36  Spine Crawler  
  171  13:13  Ultralisk x5  
  171  13:14  Overseer  
  171  13:15  Overseer  
  190  13:34  Ultralisk Cavern  
  187  13:35  Drone x6  
  187  13:36  Spire, Drone x3  
  187  13:37  Hatchery  
  187  13:40  Zerg Missile Weapons Level 3  
  188  13:44  Queen x4, Hatchery  
  195  14:10  Burrow  
  151  14:47  Ultralisk x3  
  151  14:48  Ultralisk x6  
  183  15:00  Nydus Network  
  183  15:06  Chitinous Plating  
  182  15:07  Zergling x2  
  182  15:08  Zergling x24  
  182  15:09  Zergling x10  
  170  15:27  Drone  
  170  15:28  Drone x8  
  179  15:47  Extractor  
  178  15:51  Extractor, Spine Crawler x2  
  178  15:52  Spine Crawler  
  178  15:53  Spore Crawler  
  178  15:56  Extractor x2  
  171  15:58  Extractor x2  
  171  15:59  Drone  
  171  16:00  Drone x2  
  172  16:13  Overlord x2, Overseer x2  
  172  16:14  Overseer  
  172  16:15  Overseer x2  
  172  16:16  Zerg Melee Weapons Level 3  
  172  16:18  Zerg Ground Armor Level 3  
  172  16:20  Nydus Canal  
  171  16:57  Nydus Canal  
  166  17:09  Zergling x6  
  166  17:10  Zergling x58  
  166  17:11  Zergling x10  
  164  17:38  Infestor x4  
  164  17:49  Ultralisk  
  164  17:50  Ultralisk x3  
  168  18:02  Drone x7  
  158  18:14  Hatchery  
  158  18:16  Queen x2  
  158  18:17  Queen  
  158  18:18  Drone  
  158  18:19  Drone  
  165  18:29  Ultralisk  
  169  19:00  Greater Spire  
  169  19:05  Zergling x30  
  169  19:06  Zergling x20  
  194  19:10  Nydus Canal  
  194  19:33  Overlord x2  
  194  19:49  Nydus Canal  
  184  20:04  Ultralisk  
  184  20:05  Ultralisk x2  
  184  20:06  Infestor x3  
  156  20:28  Ultralisk x7  
  198  20:30  Nydus Canal  
  198  20:35  Infestor  
  146  21:44  Ultralisk  
  146  21:45  Ultralisk x7  
  180  22:05  Zergling x8  
  180  22:06  Zergling x40  
  199  22:15  Drone x2  
  200  22:34  Nydus Canal  
  164  23:28  Zergling x2  
  164  23:29  Zergling x56  
  164  23:30  Zergling x14  
  200  23:42  Hatchery  
  200  23:43  Hatchery  
  194  23:59  Overseer  
  194  24:00  Overseer  
  194  24:01  Zerg Flyer Armor Level 1  
  171  24:29  Ultralisk  
  171  24:30  Ultralisk x6  
  200  24:41  Extractor  
  200  24:42  Extractor  
  198  24:48  Tunneling Claws, Neural Parasite  
  198  25:18  Hatchery  
  198  25:21  Infestor x3  
  191  25:27  Evolution Chamber  
  196  25:29  Evolution Chamber  
  195  25:49  Hatchery  
  191  26:02  Infestor x3  
  183  26:11  Zergling x22  
  160  26:12  Zergling x46  
  160  26:13  Zergling x2  
  194  26:19  Baneling Nest  
Show
View Real Time Build Order
Export as new Build Order

Miszu Terran 

Build Orders: MMM Bio 

Get SALT Encoding   

  12  0:01  SCV  
  13  0:13  SCV  
  14  0:17  Supply Depot  
  14  0:25  SCV  
  15  0:39  SCV  
  15  0:40  Barracks  
  16  0:44  Refinery  
  16  0:51  SCV  
  17  1:03  Barracks, SCV  
  18  1:16  SCV  
  19  1:28  Orbital Command  
  19  1:29  Reaper  
  20  1:37  Barracks  
  20  1:48  Supply Depot  
  20  1:51  Reaper  
  20  1:53  SCV  
  22  1:58  Refinery  
  22  2:07  SCV  
  23  2:10  Reaper  
  24  2:19  Supply Depot, SCV  
  25  2:24  Reaper  
  26  2:32  SCV  
  26  2:36  Reaper  
  28  2:45  Command Center  
  28  2:48  Reaper  
  29  2:55  SCV  
  30  3:11  Reaper x2  
  30  3:12  SCV  
  32  3:30  SCV  
  32  3:31  Command Center  
  33  3:35  Barracks Tech Lab  
  33  3:42  SCV  
  33  3:44  Barracks Reactor, Factory, Barracks Tech Lab  
  34  3:54  SCV  
  35  4:04  Marine  
  35  4:05  Marine  
  35  4:06  SCV, Orbital Command  
  38  4:18  SCV  
  38  4:20  Marine  
  38  4:21  Stimpack  
  38  4:22  Marine  
  41  4:30  SCV  
  42  4:32  SCV  
  43  4:41  Marine  
  43  4:42  Marine x2, SCV  
  43  4:44  SCV  
  49  4:47  Orbital Command  
  49  4:49  Starport  
  49  4:50  Factory Reactor  
  48  4:54  SCV  
  48  4:55  Orbital Command  
  48  4:56  SCV  
  50  5:04  Supply Depot  
  50  5:06  SCV  
  51  5:08  SCV  
  51  5:09  Refinery  
  51  5:11  Refinery  
  52  5:16  Marine  
  52  5:19  SCV  
  52  5:20  SCV  
  55  5:24  Marine, Combat Shields  
  56  5:31  SCV  
  56  5:32  SCV  
  58  5:37  Supply Depot, Engineering Bay  
  58  5:38  Engineering Bay  
  58  5:40  Marine  
  59  5:43  SCV  
  59  5:44  SCV  
  59  5:46  Factory Tech Lab, Orbital Command  
  59  5:48  Marine  
  59  5:49  Marine  
  63  5:51  Medivac  
  63  5:55  SCV  
  65  5:57  Marine  
  65  5:59  Marine  
  65  6:01  Medivac  
  68  6:06  Marine  
  68  6:08  Marine  
  68  6:09  SCV  
  71  6:11  SCV  
  71  6:12  SCV  
  71  6:18  Terran Infantry Weapons Level 1, Terran Infantry Armor Level 1  
  73  6:25  SCV x2  
  75  6:26  SCV  
  75  6:27  Marine x4  
  75  6:28  Bunker  
  80  6:33  Barracks  
  80  6:36  Barracks  
  80  6:37  SCV x2  
  82  6:40  SCV  
  85  6:51  Supply Depot x2  
  85  6:53  SCV x2  
  85  6:56  Barracks  
  85  6:58  Siege Tank, Barracks  
  85  7:00  Marine  
  85  7:03  Marine  
  85  7:05  Marine  
  85  7:12  Marine, Medivac  
  85  7:13  Supply Depot  
  88  7:18  Marine  
  88  7:19  Orbital Command  
  88  7:21  Marine, SCV  
  88  7:22  SCV  
  88  7:23  Marine  
  89  7:30  Marine  
  89  7:33  SCV  
  89  7:34  SCV  
  89  7:36  Marine  
  93  7:38  Armory  
  93  7:39  Marine  
  93  7:41  Marine  
  95  7:45  SCV  
  95  7:46  SCV  
  95  7:48  Marine  
  97  7:54  Marine  
  97  7:56  Bunker  
  97  7:57  Marine  
  97  7:58  SCV x2  
  90  7:59  Marine  
  85  8:05  Marine  
  85  8:06  Orbital Command  
  85  8:10  SCV x2  
  85  8:11  Marine  
  86  8:15  Marine  
  86  8:17  Marauder  
  87  8:22  SCV x2  
  87  8:24  Marauder  
  87  8:25  Siege Tank  
  87  8:26  Barracks Reactor  
  94  8:27  Barracks Reactor, Barracks Tech Lab  
  94  8:29  Marine  
  94  8:32  Marine  
  94  8:33  Supply Depot  
  96  8:34  SCV x2  
  96  8:40  SCV  
  98  8:43  Bunker  
  98  8:46  SCV x2  
  98  8:47  Marauder  
  98  8:48  Marine, Marauder x2  
  102  8:50  Terran Infantry Armor Level 2, Marine, Terran Infantry Weapons Level 2  
  104  8:57  Siege Tank  
  104  8:58  SCV  
  104  8:59  SCV  
  109  9:05  Marine x2  
  109  9:06  Marine, Medivac x2  
  109  9:07  SCV  
  117  9:11  Supply Depot, Refinery x2  
  117  9:14  Supply Depot  
  117  9:20  SCV  
  117  9:24  Marine  
  117  9:32  Marine x3  
  117  9:33  Marauder, SCV x3  
  117  9:34  Marine  
  117  9:35  Siege Tank  
  117  9:36  Marine  
  130  9:40  Medivac  
  130  9:43  Marauder  
  130  9:45  SCV x2  
  136  9:50  Marine x2  
  136  9:51  Marauder  
  136  9:52  Marine  
  139  9:54  Marine  
  139  9:58  Terran Vehicle Weapons Level 1  
  139  9:59  Supply Depot  
  140  10:00  Medivac, Marauder  
  140  10:01  Supply Depot x2, Concussive Shells  
  140  10:04  Marauder  
  146  10:12  Marauder  
  146  10:13  Marine  
  149  10:17  Factory  
  149  10:21  Marine x3  
  155  10:22  Marauder  
  155  10:26  Marauder  
  159  10:34  Marauder  
  161  10:43  Marine x4, Marauder  
  161  10:47  Marauder  
  161  10:48  Ghost Academy  
  166  10:53  Siege Tank  
  166  10:54  Command Center  
  169  11:02  Supply Depot  
  169  11:04  Supply Depot  
  169  11:15  Factory Tech Lab  
  169  11:16  Medivac  
  171  11:24  Marine x4, Marauder  
  180  11:25  Siege Tank  
  182  11:32  Marauder  
  182  11:33  Siege Tank  
  182  11:35  Ghost  
  187  11:42  Sensor Tower  
  187  11:46  Marauder  
  189  12:05  Marine x2, Marauder x2  
  189  12:06  Siege Tank  
  189  12:08  Marauder  
  199  12:21  Command Center  
  199  12:23  Marine  
  199  12:26  Starport  
  200  12:45  Marine  
  198  12:55  Liberator x2  
  193  13:09  Marauder  
  193  13:10  Ghost x2  
  193  13:11  Marine x3  
  193  13:12  Marine  
  189  13:30  Thor, Ghost  
  197  13:38  Liberator  
  197  13:39  Ghost x2  
  199  13:47  Command Center  
  189  13:49  Starport Tech Lab  
  189  13:53  Fusion Core  
  186  13:57  Refinery  
  186  13:58  Liberator  
  189  14:07  Sensor Tower  
  189  14:08  Refinery  
  192  14:17  Ghost  
  187  14:27  Liberator  
  187  14:28  Liberator  
  178  14:40  Liberator  
  168  14:55  Orbital Command  
  151  15:08  Ghost  
  150  15:31  Orbital Command  
  150  15:39  Barracks  
  150  15:40  Barracks x2  
  150  15:49  Engineering Bay  
  150  15:51  Engineering Bay  
  150  15:56  Liberator  
  150  15:57  Liberator x2  
  150  16:11  Supply Depot  
  150  16:12  Supply Depot  
  150  16:13  Supply Depot  
  150  16:14  SCV x3  
  150  16:15  Supply Depot x2  
  150  16:16  Supply Depot  
  162  16:32  Ghost x2  
  168  16:45  Barracks Tech Lab  
  168  16:46  Barracks Tech Lab  
  168  16:48  Barracks Tech Lab  
  154  17:00  Ghost x2  
  156  17:06  Engineering Bay x2  
  144  17:10  Ghost x3  
  143  17:29  Ghost x2  
  145  17:38  Ghost  
  145  17:39  Ghost x2  
  134  17:59  Ghost  
  132  18:07  Medivac, Widow Mine, Ghost x2  
  140  18:18  Engineering Bay  
  140  18:20  Engineering Bay  
  140  18:28  Orbital Command  
  138  18:39  Engineering Bay x2  
  138  18:40  Ghost  
  140  18:57  Refinery  
  140  19:09  Planetary Fortress  
  140  19:13  Armory  
  140  19:47  Missile Turret  
  140  19:49  Missile Turret  
  140  20:08  Barracks Tech Lab  
  126  20:17  Barracks Tech Lab  
  118  20:23  Barracks Tech Lab  
  115  20:34  Ghost  
  117  20:38  Planetary Fortress  
  117  20:48  Ghost x2  
  117  20:49  Raven  
  129  21:02  Ghost  
  125  21:16  Ghost  
  121  21:26  Starport Reactor  
  121  21:29  Liberator  
  121  21:31  Ghost  
  117  21:59  Ghost  
  114  22:12  Liberator  
  114  22:17  Ghost  
  116  22:24  Barracks Tech Lab  
  116  22:28  Ghost  
  121  22:30  Barracks Tech Lab  
  121  22:36  Starport  
  121  22:42  Orbital Command  
  121  22:55  Liberator  
  115  23:25  Ghost x4  
  115  23:26  Ghost  
  125  23:30  Refinery  
  125  23:38  Liberator  
  125  23:41  Liberator  
  125  23:43  Supply Depot  
  125  23:44  Supply Depot  
  121  24:22  Liberator  
  121  24:23  Liberator  
  121  24:29  Barracks Tech Lab  
  121  24:30  Barracks Tech Lab  
  119  24:31  Barracks Tech Lab  
  125  25:05  Liberator  
  125  25:06  Liberator  
  121  25:47  Liberator  
Tags
 
Composition
MMM Bio
Matchup
TvZ
Spawn Locations
Cross Positions
Add a new tag
Caveats
  • Supply blocks, unpowered buildings, or Contaminate may cause inaccurate times.
  • Supply counts are checked every 10 seconds.